 Dungeon Crawl Stone Soup version 0.29.1-13-g9f3cf754e1 (webtiles) character file.

Game seed: 3683814033795159233

54936 Peloso the Fencer (level 14, -4/129 HPs)
             Began as a Minotaur Fighter on Feb 4, 2023.
             Was a High Priest of Okawaru.
             Slain by a death yak (7 damage)
             ... while petrified
             ... on level 4 of the Lair of Beasts.
             The game lasted 01:02:54 (28419 turns).

Peloso the Fencer (Minotaur Fighter)               Turns: 28419, Time: 01:02:55

Health: -4/129     AC: 24    Str: 27    XL:     14   Next: 36%
Magic:  15/15      EV:  2    Int:  9    God:    Okawaru [*****.]
Gold:   911        SH:  0    Dex: 13    Spells: 13/13 levels left

rFire   . . .      SeeInvis .   a - +3 demon blade (elec)
rCold   . . .      Faith    .   d - +0 buckler
rNeg    + + +      Spirit   .   p - +6 chain mail "Daqiori" {Will+ Int+4 Stlth+}
rPois   ∞          Reflect  +   A - +2 hat {Stlth+}
rElec   .          Harm     .   (no cloak)
rCorr   +          Rampage  .   (no gloves)
Will    ++...                   o - +2 pair of boots
Stlth   ++........              S - amulet of reflection
HPRegen 0.31/turn               s - +4 ring of evasion
MPRegen 0.14/turn               t - ring of Poimeo {*Slow rPois rCorr Str+4 Slay+2}

@: petrified
A: horns 2, retaliatory headbutt
a: Renounce Religion, Heroism, Finesse, Duel


You were on level 4 of the Lair of Beasts.
You worshipped Okawaru.
Okawaru was extremely pleased with you.
You visited 4 branches of the dungeon, and saw 19 of its levels.
You also visited: Ossuary and Gauntlet.

You collected 2082 gold pieces.
You spent 1171 gold pieces at shops.

Inventory:

Hand Weapons
 a - a +3 demon blade of electrocution (weapon)
 b - a +2 whip of flaming
Armour
 c - a +0 pair of boots
 d - a +0 buckler (worn)
 o - a +2 pair of boots (worn)
 p - the +6 chain mail "Daqiori" (worn) {Will+ Int+4 Stlth+}
   (You bought it in a shop on level 2 of the Orcish Mines)

   Int:       It affects your intelligence (+4).
   Will:      It increases your willpower.
   Stlth:     It makes you more stealthy.
 w - the +4 scale mail of Unambiguity {Dex+2 SInv}
   (You bought it in a shop on level 3 of the Dungeon)

   Dex:       It affects your dexterity (+2).
   SInv:      It lets you see invisible.
 A - a +2 hat of stealth (worn)
 B - a +2 plate armour of poison resistance
 L - a +1 chain mail of cold resistance
 N - +0 swamp dragon scales
 P - a +4 chain mail of fire resistance
 T - the +0 pair of gloves of Wu Jian's Wrath {Harm rCorr}
   (You bought it in a shop on level 1 of the Orcish Mines)

   rCorr:     It protects you from acid and corrosion.
   Harm:      It increases damage dealt and taken.
 U - the +1 pair of gloves of Eschealeu {rElec rC- Will++ Dex+3}
   (Okawaru gifted it to you on level 3 of the Lair of Beasts)

   Dex:       It affects your dexterity (+3).
   rC:        It makes you vulnerable to cold.
   rElec:     It insulates you from electricity.
   Will:      It greatly increases your willpower.
Jewellery
 r - a ring of ice
 s - a +4 ring of evasion (left hand)
 t - the ring of Poimeo (right hand) {*Slow rPois rCorr Str+4 Slay+2}
   (You found it in a Gauntlet)

   [ring of poison resistance]

   Str:       It affects your strength (+4).
   Slay:      It affects your accuracy & damage with ranged weapons and melee
   (+2).
   rPois:     It protects you from poison.
   rCorr:     It protects you from acid and corrosion.
   *Slow:     It may slow you when you take damage.
 C - an amulet of magic regeneration
 O - a +6 ring of dexterity
 Q - the dreamshard necklace {*Dream Drain}
   (You found it on level 4 of the Lair of Beasts)

   [amulet of nothing]

   It shatters if its wearer takes lethal or near-lethal damage, preventing the
   blow and releasing protective dreams that heal and fight for the wearer.
   Drain:     It drains your maximum health when unequipped.
 S - an amulet of reflection (around neck)
 V - a ring of fire
Wands
 v - a wand of flame (8)
 G - a wand of iceblast (10)
Scrolls
 f - 7 scrolls of teleportation
 u - 4 scrolls of fog
 x - a scroll of summoning
 z - 3 scrolls of magic mapping
 D - a scroll of silence
 E - 2 scrolls of immolation
 J - a scroll of blinking
 K - 7 scrolls of poison
 R - a scroll of noise
 X - a scroll of amnesia
 Z - a scroll of enchant weapon
Potions
 e - a potion of invisibility
 g - 3 potions of cancellation
 h - a potion of magic
 i - 3 potions of brilliance
 j - 6 potions of flight
 k - 8 potions of curing
 m - 5 potions of might
 q - 6 potions of mutation
 F - 2 potions of ambrosia
 M - a potion of resistance
 W - 3 potions of berserk rage
Miscellaneous
 l - a lightning rod (4/4)
 y - a phial of floods


   Skills:
 + Level 13.5 Fighting
 + Level 16.2 Long Blades
 + Level 2.1 Maces & Flails
 + Level 14.1 Armour
 + Level 9.0 Dodging
 + Level 4.7 Stealth
 + Level 13.1 Shields
 + Level 3.1 Invocations
 + Level 0.8 Evocations


You had 13 spell levels left.
You didn't know any spells.
Your spell library contained the following spells:

 Spells                   Type           Power      Damage    Failure   Level
 Apportation              Tloc           0%         N/A       87%         1
 Foxfire                  Conj/Fire      0%         2x1d4     87%         1
 Magic Dart               Conj           0%         1d3       87%         1
 Necrotise                Necr           0%         1d4       87%         1
 Ensorcelled Hibernation  Hex/Ice        0%         N/A       95%         2
 Passwall                 Tmut/Erth      0%         N/A       95%         2
 Poisonous Vapours        Pois/Air       0%         N/A       95%         2
 Scorch                   Fire           0%         2d5       95%         2
 Static Discharge         Conj/Air       0%         3-3/arc   95%         2
 Sublimation of Blood     Necr           0%         N/A       95%         2
 Conjure Flame            Conj/Fire      0%         6-21      99%         3
 Dazzling Flash           Conj/Hex       0%         N/A       99%         3
 Frozen Ramparts          Ice            0%         1d1       99%         3
 Inner Flame              Hex/Fire       0%         N/A       99%         3
 Mephitic Cloud           Conj/Pois/Air  0%         N/A       99%         3
 Swiftness                Air            0%         N/A       99%         3
 Corpse Rot               Necr/Pois/Air  0%         N/A       100%        4
 Dispel Undead            Necr           0%         3d6       100%        4
 Flame Wave               Conj/Fire      0%         2d4       100%        4
 Ice Form                 Ice/Tmut       0%         N/A       100%        4
 Iskenderun's Mystic Bla  Conj/Tloc      0%         2d3       100%        4
 Petrify                  Tmut/Erth      0%         N/A       100%        4
 Sticky Flame             Conj/Fire      0%         2d3       100%        4
 Alistair's Intoxication  Tmut/Pois      0%         N/A       100%        5
 Irradiate                Conj/Tmut      0%         3d11      100%        5
 Conjure Ball Lightning   Conj/Air       0%         3x3d6     100%        6
 Starburst                Conj/Fire      0%         6d3       100%        6
 Maxwell's Capacitive Co  Air            0%         ∞         100%        8
 Chain Lightning          Conj/Air       0%         N/A       100%        9
 Fire Storm               Conj/Fire      0%         5d1       100%        9
 Shatter                  Erth           0%         3d5*      100%        9
 Summon Small Mammal      Summ           Unusable   N/A       N/A         1
 Call Imp                 Summ           Unusable   N/A       N/A         2
 Summon Ice Beast         Ice/Summ       Unusable   N/A       N/A         4
 Summon Cactus Giant      Summ           Unusable   N/A       N/A         6
 Malign Gateway           Summ/Tloc      Unusable   N/A       N/A         7
 Summon Horrible Things   Summ           Unusable   N/A       N/A         8

Dungeon Overview and Level Annotations

Branches:
Dungeon (11/15)            Temple (1/1) D:7            Lair (5/5) D:9
  Swamp (0/4) Lair:3       Spider (0/4) Lair:2        Slime (0/5) Lair:4
    Orc (2/2) D:9             Elf (0/3) Orc:2       Ossuary (visited)
Gauntlet (visited)

Altars:
Ashenzari
Cheibriados
Dithmenos
Elyvilon
Fedhas
Gozag
Hepliaklqana
Kikubaaqudgha
Makhleb
Nemelex Xobeh
Okawaru
Qazlal
Ru
Sif Muna
Trog
Uskayaw
Vehumet
Wu Jian
Xom
Yredelemnul
Zin
The Shining One
Jiyva

Shops:
D:3 [   D:7 (   Orc:1 [   Orc:2 :*[(!

Annotations:
D:10 3 runed translucent doors, FaviusArthum's ghost, journeyman DECj
Lair:1 3 runed translucent doors, Ceckukk's ghost, journeyman GrEE; Koiwegoc's ghost, journeyman GnTm; Loahir's ghost, journeyman MiBe
Lair:5 3 runed translucent doors, Rider's ghost, journeyman DgFi


Innate Abilities, Weirdness & Mutations

You have a pair of horns on your head.
You reflexively headbutt those who attack you in melee.


Message History

You hold your ground!
The elephant trunk-slaps you but does no damage.
The wolf bites you but does no damage. x2
The elephant tramples you but does no damage.
The elephant barely misses you. The wolf bites you but does no damage.
The death yak gores you.
* * * LOW HITPOINT WARNING * * *
The elephant tramples you!
* * * LOW HITPOINT WARNING * * *
You hold your ground!
The elephant trunk-slaps you but does no damage.
The wolf is no longer petrified.
The wolf bites you but does no damage.
The death yak gores you but does no damage.
The wolf bites you but does no damage. The elephant tramples you!
* * * LOW HITPOINT WARNING * * *
You hold your ground!
The elephant trunk-slaps you but does no damage.
The wolf barely misses you. The wolf bites you but does no damage.
The death yak gores you but does no damage.
The wolf bites you.
* * * LOW HITPOINT WARNING * * *
The wolf barely misses you.
The elephant tramples you but does no damage.
The elephant barely misses you. The wolf bites you but does no damage.
The wolf bites you!
* * * LOW HITPOINT WARNING * * *
The death yak gores you.
* * * LOW HITPOINT WARNING * * *
The wolf bites you but does no damage. The elephant tramples you!
* * * LOW HITPOINT WARNING * * *
You hold your ground!
The elephant trunk-slaps you but does no damage.
The wolf bites you. x2
* * * LOW HITPOINT WARNING * * *
The death yak gores you but does no damage.
The wolf bites you but does no damage. The elephant tramples you.
* * * LOW HITPOINT WARNING * * *
You hold your ground!
The elephant barely misses you.
The wolf bites you but does no damage. x2; The death yak gores you!
You die...

### #### #####.#### ### ### ##
#..###P.##.##.#####.###.########.
.........).......................
...##...........†................
.P###...###.##.#.................
...P....##P....YYh.>.#.#...#.....
.........#......@h.†.#...........
...#.....#......#..........#P....
...#....#.......#....#.....##....
...##...####PP.......##....##....
...##...######.##........#.......
...##............................
..P##............................
.................................
.................................


You could see a death yak, an elephant and 2 wolves.

Vanquished Creatures
  A minotaur (Gauntlet)
  Harold (Lair:2)
  A boulder beetle (D:11)
  5 hydras
  3 ogre magi (D:11)
  A centaur warrior (D:11)
  A catoblepas (Lair:4)
  2 two-headed ogres
  Urug (Lair:2)
  3 orc high priests (Orc:2)
  A soul eater (Gauntlet)
  A sixfirhy (D:8)
  A skeletal warrior (D:10)
  An orange crystal statue (Gauntlet)
  Pikel (D:4)
  5 orc knights (Orc:2)
  3 deep elf pyromancers (D:11)
  A shining eye (Gauntlet)
  2 oklob plants (Lair:2)
  5 orc sorcerers (Orc:2)
  3 cyclopes
  5 ugly things
  2 manticores (D:11)
  Maggie (Lair:1)
  Joseph (D:7)
  11 elephants
  3 black mambas (Lair:4)
  9 cane toads
  An unseen horror (D:11)
  2 gargoyles (D:11)
  10 komodo dragons
  A rime drake (Lair:5)
  A kobold demonologist (D:11)
  A tyrant leech (shapeshifter) (D:11)
  2 trolls
  2 meliai (D:11)
  2 polar bears
  A raiju (shapeshifter) (D:11)
  3 blink frogs (Lair:3)
  A spriggan (Lair:3)
  5 wraiths
  3 shadows
  4 wyverns
  30 yaks
  A vampire (D:10)
  4 basilisks
  Eustachio (D:5)
  A vampire mosquito (D:11)
  A warg (Orc:1)
  Menkaure (D:7)
  2 acid dragons
  8 water moccasins
  A floating eye (Gauntlet)
  14 orc warriors
  2 sky beasts
  A black bear (Lair:3)
  13 wolves
  A lemure (D:3)
  4 centaurs
  6 ogres
  2 phantoms (D:6)
  5 kobold brigands
  11 bullfrogs
  2 necrophages
  13 scorpions
  2 gnoll sergeants
  10 killer bees
  A howler monkey (D:11)
  6 electric eels
  7 lava snakes
  2 centaur zombies (Ossuary)
  4 hounds
  3 human zombies (Ossuary)
  12 orc priests
  3 jellies
  Ijyb (D:5)
  Jessica (D:2)
  3 scorpion zombies (Ossuary)
  An iguana (D:5)
  21 orc wizards
  3 mummies (Ossuary)
  6 adders
  17 gnolls
  7 shadow imps
  9 white imps
  An ufetubus (D:5)
  2 dart slugs
  A worm (Lair:2)
  53 orcs
  5 endoplasms
  4 giant cockroaches
  2 gnoll zombies (Ossuary)
  13 goblins
  7 hobgoblins
  17 kobolds
  5 quokkas
  5 ball pythons
  5 bats
  A frilled lizard (D:2)
  2 goblin zombies (Ossuary)
  4 hobgoblin zombies (Ossuary)
  3 orc zombies (Ossuary)
  2 rats
  A butterfly (Lair:1)
490 creatures vanquished.

Vanquished Creatures (others)
  16 fungi
  55 plants
  4 toadstools (D:1)
75 creatures vanquished.

Grand Total: 565 creatures vanquished

Notes
Turn   | Place    | Note
-------+----------+-------------------------------------------
     0 | D:1      | Peloso the Minotaur Fighter began the quest for the Orb.
     0 | D:1      | Reached XP level 1. HP: 19/19 MP: 0/0
   194 | D:1      | Reached XP level 2. HP: 27/27 MP: 1/1
   803 | D:2      | Reached XP level 3. HP: 31/33 MP: 2/2
   942 | D:2      | Reached skill level 3 in Long Blades
  1087 | D:2      | Noticed Jessica
  1096 | D:2      | Killed Jessica
  1097 | D:2      | Reached XP level 4. HP: 22/41 MP: 3/3
  1504 | D:3      | Reached skill level 4 in Long Blades
  1508 | D:3      | Found a faded altar of an unknown god.
  1727 | D:3      | Found a stormy altar of Qazlal.
  1969 | D:2      | Reached XP level 5. HP: 21/47 MP: 4/4
  2343 | D:3      | Found Ybenivid's Antique Armour Emporium.
  2889 | D:3      | Reached skill level 5 in Armour
  3045 | D:4      | Found a sand-covered staircase.
  3076 | Ossuary  | Entered an ossuary
  3201 | Ossuary  | Reached skill level 5 in Long Blades
  3201 | Ossuary  | Reached XP level 6. HP: 50/53 MP: 5/5
  3235 | Ossuary  | Reached skill level 1 in Dodging
  3313 | Ossuary  | Reached skill level 5 in Fighting
  3362 | Ossuary  | Reached skill level 6 in Long Blades
  3368 | Ossuary  | Reached XP level 7. HP: 47/61 MP: 6/6
  3893 | D:4      | Noticed Pikel
  4184 | D:5      | Entered Level 5 of the Dungeon
  4192 | D:4      | Reached skill level 7 in Long Blades
  4192 | D:4      | Reached skill level 5 in Shields
  4375 | D:4      | Killed Pikel
  4376 | D:4      | Reached skill level 8 in Long Blades
  4376 | D:4      | Reached XP level 8. HP: 34/71 MP: 7/7
  5186 | D:3      | Bought a dazzling scale mail for 234 gold pieces
  5186 | D:3      | Identified the +4 scale mail of Unambiguity {Dex+2 SInv}
                  | (You bought it in a shop on level 3 of the Dungeon)
  5322 | D:5      | Found a hide-covered altar of Uskayaw.
  5324 | D:5      | Noticed a +0 dagger
  5324 | D:5      | Noticed a +0 dagger
  5478 | D:5      | Found a broken altar of Ashenzari.
  5479 | D:5      | Noticed Eustachio
  5491 | D:5      | Killed Eustachio
  5584 | D:5      | Noticed Ijyb
  5622 | D:4      | Reached skill level 1 in Stealth
  5628 | D:4      | Reached skill level 9 in Long Blades
  5882 | D:5      | Killed Ijyb
  6140 | D:5      | Reached XP level 9. HP: 74/79 MP: 8/8
  7621 | D:3      | Bought an embroidered hat for 182 gold pieces
  7728 | D:7      | Noticed Menkaure
  7744 | D:7      | Killed Menkaure
  7745 | D:7      | Reached skill level 10 in Long Blades
  7925 | D:7      | Noticed Joseph
  7941 | D:7      | Killed Joseph
  8055 | D:7      | Found a sacrificial altar of Ru.
  8573 | D:7      | Found Posad's Weapon Shop.
  8584 | D:7      | Found a staircase to the Ecumenical Temple.
  8595 | Temple   | Entered the Ecumenical Temple
  9347 | D:7      | Found an iron altar of Okawaru.
  9352 | D:7      | Became a worshipper of Warmaster Okawaru
  9567 | D:8      | Noticed a cyclops
  9577 | D:8      | Killed a cyclops
 10091 | D:8      | Found a runed translucent door.
 10092 | D:8      | Noticed a sixfirhy
 10184 | D:8      | Reached * piety under Okawaru
 10185 | D:8      | Reached XP level 10. HP: 88/88 MP: 9/9
 10226 | D:8      | Reached skill level 11 in Long Blades
 10255 | D:8      | Noticed a brown ugly thing
 10266 | D:8      | Killed a brown ugly thing
 10887 | D:8      | Reached ** piety under Okawaru
 10895 | D:8      | Reached skill level 10 in Armour
 10909 | D:9      | Reached skill level 5 in Dodging
 11104 | D:9      | Noticed a two-headed ogre
 11129 | D:9      | Killed a two-headed ogre
 11269 | D:9      | Found a staircase to the Lair.
 11276 | D:9      | Noticed a green ugly thing
 11546 | D:8      | Killed a green ugly thing
 11546 | D:8      | Reached *** piety under Okawaru
 11628 | D:9      | Found a staircase to the Orcish Mines.
 11744 | D:8      | Reached skill level 12 in Long Blades
 12210 | D:9      | Found a radiant altar of Vehumet.
 12521 | D:10     | Entered Level 10 of the Dungeon
 12689 | D:9      | Reached XP level 11. HP: 74/95 MP: 8/10
 12795 | D:9      | Reached **** piety under Okawaru
 13091 | D:10     | Found a hazy altar of Hepliaklqana.
 13252 | D:10     | Found a runed translucent gate.
 13252 | D:10     | Found a runed translucent gate.
 13252 | D:10     | Found a runed translucent gate.
 13254 | D:10     | Noticed FaviusArthum's ghost (journeyman DECj)
 13585 | D:10     | Found a shimmering blue altar of Sif Muna.
 13775 | Lair:1   | Entered Level 1 of the Lair of Beasts
 13850 | Lair:1   | Found a runed translucent gate.
 13852 | Lair:1   | Found a runed translucent gate.
 14176 | Lair:1   | Noticed Maggie
 14189 | Lair:1   | Killed Maggie
 14190 | Lair:1   | Reached skill level 1 in Invocations
 14414 | Lair:1   | Reached skill level 13 in Long Blades
 14633 | Lair:1   | Got the Exposition on Feathers and Impurities
 14821 | Lair:1   | Found a runed translucent gate.
 14830 | Lair:1   | Noticed Loahir's ghost (journeyman MiBe)
 14830 | Lair:1   | Noticed Ceckukk's ghost (journeyman GrEE)
 14831 | Lair:1   | Noticed Koiwegoc's ghost (journeyman GnTm)
 15302 | D:8      | Killed a sixfirhy
 15369 | Lair:2   | Reached ***** piety under Okawaru
 15415 | Lair:2   | Found a hole to the Spider Nest.
 15415 | Lair:2   | Noticed Urug
 15420 | Lair:2   | Noticed Harold
 15429 | Lair:2   | Killed Urug
 15440 | Lair:2   | Killed Harold
 16158 | D:11     | Noticed a deep elf pyromancer
 16166 | D:11     | Killed a deep elf pyromancer
 16448 | D:11     | Noticed a white ugly thing
 16455 | D:11     | Killed a white ugly thing
 16455 | D:11     | Received a gift from Okawaru
 16456 | D:11     | Reached XP level 12. HP: 78/106 MP: 9/12
 16587 | D:11     | Reached skill level 14 in Long Blades
 17449 | Orc:1    | Entered Level 1 of the Orcish Mines
 17750 | Lair:2   | Found a blossoming altar of Fedhas.
 17773 | Lair:2   | Reached skill level 10 in Fighting
 19051 | Lair:3   | Reached skill level 10 in Shields
 19780 | Lair:3   | Found a staircase to the Swamp.
 19948 | Lair:3   | Identified the +1 pair of gloves of Eschealeu {rElec rC-
                  | Will++ Dex+3} (Okawaru gifted it to you on level 3 of the
                  | Lair of Beasts)
 19948 | Lair:3   | Received a gift from Okawaru
 20282 | Lair:3   | Reached skill level 15 in Long Blades
 20972 | Orc:2    | Entered Level 2 of the Orcish Mines
 20972 | Orc:2    | Found Tudataf's Distillery.
 20984 | Orc:2    | Reached XP level 13. HP: 116/116 MP: 11/13
 21001 | Orc:2    | Found a gate leading to a gauntlet.
 21010 | Gauntlet | Entered a Gauntlet
 21010 | Gauntlet | Found a transporter.
 21020 | Gauntlet | Found a transporter.
 21028 | Gauntlet | Found a transporter.
 21030 | Gauntlet | Found a transporter.
 21032 | Gauntlet | Found a transporter.
 21060 | Gauntlet | Found a transporter.
 21068 | Gauntlet | Found a transporter.
 21093 | Gauntlet | Found a transporter.
 21102 | Gauntlet | Found a transporter.
 21130 | Gauntlet | Noticed a green death
 21133 | Gauntlet | Found a transporter.
 21164 | Gauntlet | Found a transporter.
 21170 | Gauntlet | Found a transporter.
 21193 | Gauntlet | Found a transporter.
 21195 | Gauntlet | Noticed an entropy weaver
 21198 | Gauntlet | Found a transporter.
 21200 | Gauntlet | Found a transporter.
 21223 | Gauntlet | Found a transporter.
 21228 | Gauntlet | Found a transporter.
 21277 | Gauntlet | Found a transporter.
 21834 | Gauntlet | Paralysed by a floating eye for 4 turns
 22168 | Gauntlet | Identified the ring of Poimeo {*Slow rPois rCorr Str+4
                  | Slay+2}
 22218 | Gauntlet | Noticed a minotaur
 22231 | Gauntlet | Killed a minotaur
 22721 | Orc:2    | Found a staircase to the Elven Halls.
 22974 | Orc:2    | Found Rukho's Antique Weapon Boutique.
 23412 | Orc:2    | Found Jafix's Book Boutique.
 23414 | Orc:2    | Found Piret's Antique Armour Shoppe.
 23414 | Orc:2    | Found Uderum's Assorted Antiques.
 23428 | Orc:2    | Bought a scroll of identify for 42 gold pieces
 23443 | Orc:2    | Bought a heavily runed chain mail for 256 gold pieces
 23443 | Orc:2    | Identified the +6 chain mail "Daqiori" {Will+ Int+4 Stlth+}
                  | (You bought it in a shop on level 2 of the Orcish Mines)
 23461 | Orc:2    | Bought a potion of heal wounds for 105 gold pieces
 23461 | Orc:2    | Bought a potion of heal wounds for 105 gold pieces
 23829 | Orc:1    | Found Neadikh's Antique Armour Shop.
 23833 | Orc:1    | Bought a pair of twisted gloves for 247 gold pieces
 23833 | Orc:1    | Identified the +0 pair of gloves of Wu Jian's Wrath {Harm
                  | rCorr} (You bought it in a shop on level 1 of the Orcish
                  | Mines)
 24270 | D:11     | Received a gift from Okawaru
 24283 | D:11     | Identified the +6 great sword "Ogreslayer" {distort, rCorr
                  | MP+9 Int+3}
 24661 | D:10     | Reached skill level 16 in Long Blades
 24926 | D:11     | Noticed an emperor scorpion
 24926 | D:11     | a six-headed hydra changed into an emperor scorpion
 25982 | D:11     | Reached XP level 14. HP: 116/129 MP: 15/15
 26211 | D:11     | Reached skill level 1 in Maces & Flails
 27163 | Lair:4   | Received a gift from Okawaru
 27426 | Lair:4   | Found the dreamshard necklace {*Dream Drain}
 27723 | Lair:4   | Found a viscous altar of Jiyva.
 27723 | Lair:4   | Found a staircase to the Slime Pits.
 27828 | Lair:5   | Entered Level 5 of the Lair of Beasts
 27838 | Lair:5   | Found a runed translucent gate.
 27838 | Lair:5   | Found a runed translucent gate.
 27838 | Lair:5   | Found a runed translucent gate.
 27839 | Lair:5   | Noticed Rider's ghost (journeyman DgFi)
 28417 | Lair:4   | HP: 6/129 [elephant (3)]
 28418 | Lair:4   | HP: 2/129 [elephant (2)]
 28419 | Lair:4   | Slain by a death yak

Illustrated notes

Levels and vault maps discovered:
D:1:      ldierk_water_garden, layout_basic, chequers_serial_rivers_large_b
D:2:      layout_loops_ring, uniq_jessica
D:3:      layout_loops_corners, nicolae_qazlal_scattered_showers, serial_shops,
          nicolae_shop_statue_plus, shapermc_ecumenical_altar_starsandcircs,
          dk_noncrumbling_2
D:4:      minmay_door_path, layout_basic, enter_ossuary_1, grunt_ministairs_11,
          uniq_pikel
D:5:      layout_basic, dancing_weapons_uskayaw, amcnicky_altar_gilded,
          uniq_eustachio, uniq_ijyb
D:6:      layout_basic
D:7:      layout_loops_corners, kennysheep_little_box,
          nicolae_overflow_crystal_walls, minmay_temple_entry_glass,
          serial_shops, nicolae_shop_advertising_works
          [nicolae_subvault_shop_adworks], serial_demonic, serial_demonic_g,
          serial_demonic_b, serial_demonic_a, serial_demonic_a,
          kennysheep_generic_room_12, uniq_joseph, uniq_menkaure
D:8:      cheibrodos_shockbox, layout_rooms, ebering_dispersal_statue_hall,
          minivault_22, kennysheep_diamond
D:9:      layout_cave_pods, nicolae_overflow_hidden_temple, lair_entry_dummy,
          hiddenorc1_lemuel
D:10:     layout_rooms, led_sif_pool, mainiacjoe_overflow_tiny_flanked,
          ebering_ghost_rock_garden
D:11:     minmay_the_grid_octo_tiled_squarecenter_mashed
          [minmay_the_grid_octo_77, minmay_the_grid_octo_chip,
          minmay_the_grid_octo_pinwheel, minmay_the_grid_octo_clover_2,
          minmay_the_grid_square_5x5_megaprize_open,
          minmay_the_grid_square_5x5_three, minmay_the_grid_square_5x5_longway,
          minmay_the_grid_square_5x5_two_small,
          minmay_the_grid_square_5x5_comb], layout_stronghold
Temple:   nicolae_temple_two_arcs
Lair:1:   layout_long_grid, gammafunk_ghost_cemetery, serial_bayou_lagoon_a,
          grunt_megastairs_1, lemuel_fruit_fields, infiniplex_staircase_pool,
          uniq_maggie
Lair:2:   layout_gridlike, nicolae_spider_entry_non_spiders,
          hangedman_tree_tricks, minivault_24, nicolae_lair_liquid_snakes,
          serial_bayou_shore_b, uniq_harold, uniq_urug
Lair:3:   layout_regular_city, swamp_mist_pool, forest_entry_grove
Lair:4:   layout_regular_city, dpeg_slime_entry_enclosed
Lair:5:   evilmike_catoblepas_cave, layout_regular_city,
          gammafunk_ghost_necromancy, chequers_serial_rivers_small_b
Orc:1:    layout_caves, serial_shops, nicolae_shop_hallway_stairs
Orc:2:    st_orc_elflike, layout_caves, gauntlet_entry_generic, serial_shops,
          nicolae_shop_hallway_stairs, basic_altar

Skill      XL: |  1  2  3  4  5  6  7  8  9 10 11 12 13 14 |
---------------+-------------------------------------------+-----
Fighting       | 4 5 6 7 8 9 11 13 | 13.5
Armour         | 4 5 6 7 9 10 11 12 13 14 | 14.1
Shields        | 4 5 6 7 9 11 12 13 | 13.1
Long Blades    | 3 4 5 6 8 9 10 12 13 15 16 | 16.2
Dodging        | 1 2 4 5 6 7 8 9 |  9.0
Stealth        | 1 2 3 4 |  4.7
Invocations    | 1 2 3 |  3.1
Maces & Flails | 2 |  2.1
Evocations     | |  0.8

Action                   |  1- 3 |  4- 6 |  7- 9 | 10-12 | 13-15 || total
-------------------------+-------+-------+-------+-------+-------++-------
Melee: Long sword        |    68 |   162 |   353 |   379 |       ||   962
       Headbutt          |     8 |    36 |    64 |   187 |   149 ||   444
       Demon blade       |       |       |       |   349 |   459 ||   808
       Whip              |       |       |       |       |    37 ||    37
Invok: Heroism           |       |       |       |    19 |    17 ||    36
Evoke: Wand              |       |       |       |     5 |       ||     5
  Use: Scroll            |     2 |     7 |     5 |     3 |    17 ||    34
       Potion            |       |       |     3 |     2 |     9 ||    14
 Stab: Sleeping          |       |       |       |     7 |     2 ||     9
       Distracted        |       |       |       |       |     1 ||     1
Armor: Scale mail        |    24 |    37 |   113 |   213 |    28 ||   415
       Chain mail        |       |    61 |    37 |       |   307 ||   405
Dodge: Dodged            |    34 |    42 |   222 |   482 |   392 ||  1172
Block: Buckler           |    18 |    45 |    84 |   232 |   306 ||   685
       Reflection        |       |       |       |       |     7 ||     7
